PAAA
FOREST CITY WARRIORS @ BLOOMINGTON LONGNECKS
07/05/2042
 
TOP OF THE 1ST
Forest City Warriors batting - Pitching for Bloomington Longnecks : LHP António Arellano
Pitching: LHP António Arellano
Batting: RHB Ernest Franks 0-0: Ground out U3 (Groundball, 3, EV 99.4 MPH)
Batting: RHB Dale Epner 0-0: Foul Ball, location: 2F
0-1: Ball
1-1: Ball
2-1: Called Strike
2-2: Ground out 6-3 (Groundball, 6, EV 76.9 MPH)
Batting: RHB Charlie Cummings 0-0: Called Strike
0-1: Ground out 1-3 (Groundball, 13, EV 88.8 MPH)
Top of the 1st over - 0 runs, 0 hits, 0 errors, 0 left on base; Forest City 0 - Bloomington 0
BOTTOM OF THE 1ST
Bloomington Longnecks batting - Pitching for Forest City Warriors : LHP Randy Ryan
Pitching: LHP Randy Ryan
Batting: RHB Nelson Jaramillo 0-0: Ball
1-0: Fly out, F8 (Line Drive, 8LD, EV 86.2 MPH)
Batting: RHB Fu-Kang Cuan 0-0: Foul Ball, location: 2F
0-1: SOLO HOME RUN (Flyball, 7LD, EV 101.2 MPH), Distance : 354 ft
Batting: RHB Orlando Velásquez 0-0: Called Strike
0-1: Called Strike
0-2: Ball
1-2: Ball
2-2: Ball
3-2: Foul Ball, location: 2F
3-2: Foul Ball, location: 2F
3-2: Base on Balls
Batting: RHB Dao-zi Zhan 0-0: Fly out, F8 (Flyball, 8RM, EV 87.5 MPH)
Batting: RHB Dylan Stavely 0-0: Called Strike
0-1: Swinging Strike
0-2: Strikes out swinging
Bottom of the 1st over - 1 run, 1 hit, 0 errors, 1 left on base; Forest City 0 - Bloomington 1
TOP OF THE 2ND
Forest City Warriors batting - Pitching for Bloomington Longnecks : LHP António Arellano
Batting: LHB Lauren Hilfiker 0-0: Foul Ball, location: 2F
0-1: Ball
1-1: Ball
2-1: Swinging Strike
2-2: SOLO HOME RUN (Flyball, 89XD, EV 96.9 MPH), Distance : 384 ft
Batting: RHB Lawrence Stokes 0-0: Ball
1-0: Called Strike
1-1: Fly out, F7 (Flyball, 7D, EV 93.8 MPH)
Batting: RHB Carlos Martínez 0-0: Ground out 5-3 (Groundball, 56S, EV 83.8 MPH)
Batting: LHB Pedro Durán 0-0: SINGLE (Line Drive, 7S, EV 110.6 MPH)
Batting: LHB Pat Carter 0-0: Called Strike
0-1: Ball
1-1: Ball
2-1: Called Strike
2-2: Ball
3-2: Foul Ball, location: 2F
3-2: Base on Balls
Pedro Durán to second
Batting: RHB Sam Hamilton 0-0: Called Strike
0-1: Ground out 4-3 (Groundball, 4, EV 103.8 MPH)
Top of the 2nd over - 1 run, 2 hits, 0 errors, 2 left on base; Forest City 1 - Bloomington 1
BOTTOM OF THE 2ND
Bloomington Longnecks batting - Pitching for Forest City Warriors : LHP Randy Ryan
Batting: LHB Leonid Machehin 0-0: Ball
1-0: Ground out 1-3 (Groundball, 34S, EV 86.9 MPH)
Batting: LHB Sherman Kline 0-0: Ball
1-0: Ball
2-0: Ball
3-0: Called Strike
3-1: Base on Balls
Batting: RHB Júlio Rodríguez 0-0: Called Strike
0-1: Ball
1-1: Foul Ball, location: 2F
1-2: Fly out, F9 (Flyball, 9, EV 81.9 MPH)
Batting: SHB Junior O'Day 0-0: Foul Ball, location: 2F
0-1: Foul Ball, location: 2F
0-2: Ball
Sherman Kline steals 2nd base
1-2: Reached on error, E5 (Groundball, 56, EV 78.8 MPH)
Sherman Kline scores
Batting: RHB Nelson Jaramillo 0-0: Ball
1-0: Ball
2-0: Ball
3-0: Base on Balls
Batting: RHB Fu-Kang Cuan 0-0: Ball
1-0: Ball
2-0: Ball
3-0: Base on Balls
Junior O'Day to third
Nelson Jaramillo to second
Batting: RHB Orlando Velásquez 0-0: Ball
1-0: Foul Ball, location: 2F
1-1: Ball
2-1: Foul Ball, location: 2F
2-2: Ball
3-2: Foul Ball, location: 2F
3-2: Base on Balls
Junior O'Day scores
Nelson Jaramillo to third
Fu-Kang Cuan to second
Batting: RHB Dao-zi Zhan 0-0: Ball
1-0: Fielders Choice at 2nd, 6-4 (Groundball, 6, EV 82.5 MPH)
Bottom of the 2nd over - 2 runs, 0 hits, 1 error, 3 left on base; Forest City 1 - Bloomington 3
TOP OF THE 3RD
Forest City Warriors batting - Pitching for Bloomington Longnecks : LHP António Arellano
Batting: RHB Ernest Franks 0-0: Ball
1-0: Ball
2-0: Called Strike
2-1: Foul Ball, location: 2F
2-2: Strikes out swinging
Batting: RHB Dale Epner 0-0: Ball
1-0: Ball
2-0: Foul Ball, location: 2F
2-1: Foul Ball, location: 2F
2-2: Ball
3-2: Base on Balls
Batting: RHB Charlie Cummings 0-0: Called Strike
0-1: Ball
1-1: Swinging Strike
1-2: Ball
2-2: Strikes out looking
Batting: LHB Lauren Hilfiker 0-0: Foul Ball, location: 2F
0-1: 2-RUN HOME RUN (Flyball, 9LD, EV 106.9 MPH), Distance : 351 ft
Batting: RHB Lawrence Stokes 0-0: Ground out 5-3 (Groundball, 5, EV 91.9 MPH)
Top of the 3rd over - 2 runs, 1 hit, 0 errors, 0 left on base; Forest City 3 - Bloomington 3
BOTTOM OF THE 3RD
Bloomington Longnecks batting - Pitching for Forest City Warriors : LHP Randy Ryan
Batting: RHB Dylan Stavely 0-0: Foul Ball, location: 2F
0-1: Foul Ball, location: 2F
0-2: Ball
1-2: DOUBLE (Line Drive, 7LM, EV 104.4 MPH)
Batting: LHB Leonid Machehin 0-0: Ball
1-0: Called Strike
1-1: Fly out, F9 (Flyball, 9LD, EV 90.6 MPH)
Runner from 2nd tags up, SAFE at 3rd, no throw by RF
Batting: LHB Sherman Kline 0-0: Ball
1-0: Called Strike
1-1: Ball
2-1: Foul Ball, location: 2F
2-2: Ball
3-2: Strikes out swinging
Batting: RHB Júlio Rodríguez 0-0: Called Strike
0-1: Ball
1-1: Called Strike
1-2: Strikes out swinging
Bottom of the 3rd over - 0 runs, 1 hit, 0 errors, 1 left on base; Forest City 3 - Bloomington 3
TOP OF THE 4TH
Forest City Warriors batting - Pitching for Bloomington Longnecks : LHP António Arellano
Batting: RHB Carlos Martínez 0-0: Ball
1-0: Ball
2-0: Fly out, F8 (Flyball, 8LXD, EV 109.4 MPH)
Batting: LHB Pedro Durán 0-0: Called Strike
0-1: Foul Ball, location: 2F
0-2: Ball
1-2: SINGLE (Line Drive, 5D, EV 97.5 MPH)
Batting: LHB Pat Carter 0-0: Called Strike
0-1: Ball
1-1: Foul Ball, location: 2F
1-2: Strikes out looking
Batting: RHB Sam Hamilton 0-0: Ball
1-0: Called Strike
1-1: Foul Ball, location: 2F
1-2: SINGLE (Groundball, 6D, EV 97.5 MPH)
Pedro Durán to second
Batting: RHB Ernest Franks 0-0: Fly out, F9 (Flyball, 9LSF, EV 85.6 MPH)
Top of the 4th over - 0 runs, 2 hits, 0 errors, 2 left on base; Forest City 3 - Bloomington 3
BOTTOM OF THE 4TH
Bloomington Longnecks batting - Pitching for Forest City Warriors : LHP Randy Ryan
Batting: SHB Junior O'Day 0-0: Ball
1-0: Ground out 4-3 (Groundball, 4, EV 98.8 MPH)
Batting: RHB Nelson Jaramillo 0-0: Called Strike
0-1: Foul Ball, location: 2F
0-2: Ball
1-2: Ball
2-2: Ball
3-2: Strikes out looking
Batting: RHB Fu-Kang Cuan 0-0: Ball
1-0: Ball
2-0: Ball
3-0: Called Strike
3-1: Foul Ball, location: 2F
3-2: Strikes out swinging
Bottom of the 4th over - 0 runs, 0 hits, 0 errors, 0 left on base; Forest City 3 - Bloomington 3
TOP OF THE 5TH
Forest City Warriors batting - Pitching for Bloomington Longnecks : LHP António Arellano
Batting: RHB Dale Epner 0-0: Ball
1-0: SINGLE (Groundball, 4MD, EV 98.1 MPH)
Batting: RHB Charlie Cummings 0-0: Ball
1-0: Ball
2-0: Called Strike
2-1: Called Strike
2-2: Strikes out swinging
Batting: LHB Lauren Hilfiker 0-0: Ball
1-0: Ball
2-0: Foul Ball, location: 2F
2-1: Foul Ball, location: 2F
2-2: Ball
3-2: Base on Balls
Dale Epner to second
Batting: RHB Lawrence Stokes 0-0: Called Strike
0-1: Fly out, F9 (Flyball, 89S, EV 84.4 MPH)
Batting: RHB Carlos Martínez 0-0: Ball
1-0: Swinging Strike
1-1: Swinging Strike
1-2: Foul Ball, location: 2F
1-2: Fly out, F8 (Flyball, 8RS, EV 83.8 MPH)
Top of the 5th over - 0 runs, 1 hit, 0 errors, 2 left on base; Forest City 3 - Bloomington 3
BOTTOM OF THE 5TH
Bloomington Longnecks batting - Pitching for Forest City Warriors : LHP Randy Ryan
Batting: RHB Orlando Velásquez 0-0: Ball
1-0: Fly out, F8 (Flyball, 8RM, EV 87.5 MPH)
Batting: RHB Dao-zi Zhan 0-0: Ball
1-0: Ball
2-0: Fly out, F9 (Line Drive, 9S, EV 90.0 MPH)
Batting: RHB Dylan Stavely 0-0: Foul Ball, location: 2F
0-1: Ball
1-1: SINGLE (Line Drive, 8LS, EV 103.8 MPH)
Batting: LHB Leonid Machehin 0-0: Ball
1-0: Called Strike
1-1: Fly out, F8 (Flyball, 8LD, EV 83.1 MPH)
Bottom of the 5th over - 0 runs, 1 hit, 0 errors, 1 left on base; Forest City 3 - Bloomington 3
TOP OF THE 6TH
Forest City Warriors batting - Pitching for Bloomington Longnecks : LHP António Arellano
Batting: LHB Pedro Durán 0-0: Ball
1-0: Ball
2-0: Ground out 4-3 (Groundball, 4S, EV 68.8 MPH)
Batting: LHB Pat Carter 0-0: Ball
1-0: Swinging Strike
1-1: SINGLE (Groundball, 34D, EV 108.8 MPH)
Batting: RHB Sam Hamilton 0-0: Ball
1-0: Called Strike
1-1: Ball
2-1: Reached on error, E4 (Groundball, 4, EV 103.8 MPH)
Pat Carter to second
Batting: RHB Ernest Franks 0-0: Called Strike
0-1: Ball
1-1: Foul Ball, location: 2F
1-2: Foul Ball, location: 2F
1-2: Ground out 5-3 (Groundball, 56S, EV 86.9 MPH)
Pat Carter to third
Sam Hamilton to second
Pitching: RHP Hamilton Franklin
Batting: RHB Dale Epner 0-0: Called Strike
0-1: Ball
1-1: DOUBLE (Line Drive, 78D, EV 104.4 MPH)
Pat Carter scores
Sam Hamilton scores
Batting: RHB Charlie Cummings 0-0: Called Strike
0-1: Ground out 1-3 (Groundball, 15S, EV 70.6 MPH)
Top of the 6th over - 2 runs, 2 hits, 1 error, 1 left on base; Forest City 5 - Bloomington 3
BOTTOM OF THE 6TH
Bloomington Longnecks batting - Pitching for Forest City Warriors : LHP Randy Ryan
Batting: LHB Sherman Kline 0-0: Called Strike
0-1: Ball
1-1: Swinging Strike
1-2: Strikes out swinging
Batting: RHB Júlio Rodríguez 0-0: Ball
1-0: Ball
2-0: Ball
3-0: Base on Balls
Pitching: RHP Thomas Careless
Batting: SHB Junior O'Day 0-0: Ball
1-0: Ball
2-0: Swinging Strike
2-1: Ball
3-1: Fielders Choice at 2nd, 4-6 (Groundball, 4, EV 78.1 MPH)
Batting: RHB Nelson Jaramillo 0-0: Ball
1-0: Foul Ball, location: 2F
1-1: Ball
2-1: Ball
3-1: Base on Balls
Junior O'Day to second
Batting: RHB Fu-Kang Cuan 0-0: Ball
1-0: Fly out, F9 (Flyball, 9D, EV 72.5 MPH)
Bottom of the 6th over - 0 runs, 0 hits, 0 errors, 2 left on base; Forest City 5 - Bloomington 3
TOP OF THE 7TH
Forest City Warriors batting - Pitching for Bloomington Longnecks : RHP Hamilton Franklin
Batting: LHB Lauren Hilfiker 0-0: Ball
1-0: Ball
2-0: Called Strike
2-1: Ball
3-1: Base on Balls
Batting: RHB Lawrence Stokes 0-0: Called Strike
0-1: Foul Ball, location: 2F
0-2: Fly out, F9 (Flyball, 89D, EV 96.9 MPH)
Batting: RHB Carlos Martínez 0-0: Ball
1-0: Ball
2-0: Ball
3-0: Base on Balls
Lauren Hilfiker to second
Batting: LHB Pedro Durán 0-0: Called Strike
0-1: Fly out, F8 (Flyball, 8LS, EV 87.5 MPH)
Batting: LHB Pat Carter 0-0: Foul Ball, location: 2F
0-1: Ball
1-1: Foul Ball, location: 2F
1-2: Ball
2-2: Fly out, F7 (Flyball, 7S, EV 81.2 MPH)
Top of the 7th over - 0 runs, 0 hits, 0 errors, 2 left on base; Forest City 5 - Bloomington 3
BOTTOM OF THE 7TH
Bloomington Longnecks batting - Pitching for Forest City Warriors : RHP Thomas Careless
Batting: RHB Orlando Velásquez 0-0: Ball
1-0: Ball
2-0: Ball
3-0: Called Strike
3-1: Called Strike
3-2: Base on Balls
Batting: RHB Dao-zi Zhan 0-0: Ball
1-0: SINGLE (Line Drive, 6MD, EV 96.9 MPH)
Orlando Velásquez to second
Runner from 2nd tries for 3rd, SAFE, no throw by CF
Pinch Hitting: LHB John Schaefer 0-0: Called Strike
0-1: Ball
1-1: Ball
2-1: Swinging Strike
2-2: Strikes out looking
Batting: LHB Leonid Machehin 0-0: Ball
1-0: Fly out, F7 (Flyball, 7S, EV 91.9 MPH)
Batting: LHB Sherman Kline 0-0: Swinging Strike
0-1: Foul Ball, location: 2F
0-2: Ball
1-2: Ball
2-2: Ball
3-2: Strikes out swinging
Bottom of the 7th over - 0 runs, 1 hit, 0 errors, 2 left on base; Forest City 5 - Bloomington 3
TOP OF THE 8TH
Forest City Warriors batting - Pitching for Bloomington Longnecks : RHP Hamilton Franklin
Now in CF: Archie Hillson
Batting: RHB Sam Hamilton 0-0: Called Strike
0-1: Called Strike
0-2: Strikes out swinging
Pitching: RHP Omara Moctar
Batting: RHB Ernest Franks 0-0: Ball
1-0: Ground out 5-3 (Groundball, 56, EV 105.6 MPH)
Batting: RHB Dale Epner 0-0: Ball
1-0: Foul Ball, location: 2F
1-1: Foul Ball, location: 2F
1-2: Ground out 6-3 (Groundball, 6, EV 85.0 MPH)
Top of the 8th over - 0 runs, 0 hits, 0 errors, 0 left on base; Forest City 5 - Bloomington 3
BOTTOM OF THE 8TH
Bloomington Longnecks batting - Pitching for Forest City Warriors : RHP Thomas Careless
Batting: RHB Júlio Rodríguez 0-0: Foul Ball, location: 2F
0-1: Ball
1-1: Foul Ball, location: 2F
1-2: Fly out, F4 (Popup, 4S, EV 60.6 MPH)
Batting: SHB Junior O'Day 0-0: Ball
1-0: Fly out, F8 (Flyball, 78D, EV 93.1 MPH)
Batting: RHB Nelson Jaramillo 0-0: Called Strike
0-1: Ball
1-1: Ball
2-1: Ground out 4-3 (Groundball, 4, EV 101.9 MPH)
Bottom of the 8th over - 0 runs, 0 hits, 0 errors, 0 left on base; Forest City 5 - Bloomington 3
TOP OF THE 9TH
Forest City Warriors batting - Pitching for Bloomington Longnecks : RHP Omara Moctar
Batting: RHB Charlie Cummings 0-0: Called Strike
0-1: Ball
1-1: DOUBLE (Flyball, 89XD, EV 108.1 MPH)
Batting: LHB Lauren Hilfiker 0-0: Intentional Walk
Batting: RHB Lawrence Stokes 0-0: Ball
1-0: Foul Ball, location: 2F
1-1: Called Strike
1-2: Ball
2-2: Foul Ball, location: 2F
2-2: Ball
3-2: SINGLE (Flyball, 7LS, EV 97.5 MPH)
Charlie Cummings to third
Lauren Hilfiker to second
Batting: RHB Carlos Martínez 0-0: Ball
1-0: Fly out, F4 (Popup, 34S, EV 85.0 MPH)
Batting: LHB Pedro Durán 0-0: Called Strike
0-1: Foul Ball, location: 2F
0-2: Strikes out swinging
Batting: LHB Pat Carter 0-0: Ball
1-0: Called Strike
1-1: Ball
2-1: SINGLE (Groundball, 5, EV 102.5 MPH) (infield hit)
Charlie Cummings scores
Lauren Hilfiker to third
Lawrence Stokes to second
Batting: RHB Sam Hamilton 0-0: Ball
1-0: Ball
2-0: Ball
3-0: SINGLE (Line Drive, 6MD, EV 97.5 MPH)
Lauren Hilfiker scores
Lawrence Stokes to third
Pat Carter to second
Batting: RHB Ernest Franks 0-0: Ball
1-0: Called Strike
1-1: SINGLE (Flyball, 7LS, EV 87.5 MPH)
Lawrence Stokes scores
Pat Carter to third
Sam Hamilton to second
Runner from 3rd tries for Home, SAFE, no throw by LF
Pitching: RHP Manuel Sánchez
Batting: RHB Dale Epner 0-0: Called Strike
0-1: SINGLE (Line Drive, 3D, EV 97.5 MPH)
Sam Hamilton to third
Ernest Franks to second
Runner from 3rd tries for Home, SAFE, no throw by RF
Batting: RHB Charlie Cummings 0-0: Called Strike
0-1: Ball
1-1: Swinging Strike
1-2: SINGLE (Line Drive, 89M, EV 105.0 MPH)
Ernest Franks to third
Dale Epner to second
Runner from 3rd tries for Home, throw by RF and OUT! 9-2
Top of the 9th over - 5 runs, 7 hits, 0 errors, 2 left on base; Forest City 10 - Bloomington 3
BOTTOM OF THE 9TH
Bloomington Longnecks batting - Pitching for Forest City Warriors : RHP Thomas Careless
Batting: RHB Fu-Kang Cuan 0-0: Ball
1-0: Ball
2-0: Called Strike
2-1: Ball
3-1: Called Strike
3-2: Ground out 5-3 (Groundball, 5, EV 91.9 MPH)
Pinch Hitting: RHB Cristián Bustillo 0-0: Ball
1-0: Swinging Strike
1-1: Ball
2-1: Ball
3-1: SINGLE (Flyball, 7LS, EV 87.5 MPH)
Pitching: RHP Dave Berry
Batting: RHB Dao-zi Zhan 0-0: Ball
1-0: Foul Ball, location: 2F
1-1: Ball
2-1: Foul Ball, location: 2F
2-2: Fly out, F4 (Popup, 4, EV 53.1 MPH)
Batting: LHB Archie Hillson 0-0: Foul Ball, location: 2F
0-1: Ball
1-1: Ball
2-1: Fly out, F8 (Flyball, 8RD, EV 100.0 MPH)
Bottom of the 9th over - 0 runs, 1 hit, 0 errors, 1 left on base; Forest City 10 - Bloomington 3
Friday, March 26th, 2021 - OOTP Baseball 20.8 Build 74